 Seeded DCSS version 0.29.1-15-g9cfb28693d (webtiles) character file.

Game seed: 5852750519012672489 (custom seed)

654 Twinkles the Trooper (level 7, -7/53 HPs)
             Began as a Djinni Fire Elementalist on May 31, 2023.
             Mangled by a komodo dragon (12 damage)
             ... on level 7 of the Dungeon.
             The game lasted 00:11:53 (6330 turns).

Twinkles the Trooper (Djinni Fire Elementalist)     Turns: 6330, Time: 00:11:53

Health: -7/53      AC:  4    Str:  7    XL:     7   Next: 84%
Gold:   218        EV: 13    Int: 18    God:
                   SH:  0    Dex: 14

rFire   + + .      SeeInvis .   q - +0 scimitar
rCold   x . .      Faith    .   (no shield)
rNeg    . . .      Spirit   .   b - +0 leather armour
rPois   ∞          Reflect  .   w - +0 helmet
rElec   .          Harm     .   p - scarf {repulsion}
rCorr   .          Rampage  .   (no gloves)
Will    .....                   (boots unavailable)
Stlth   +.........              (no amulet)
HPRegen 0.17/turn               (no ring)
MPRegen 0.00/turn               (no ring)

@: silenced, flying, repel missiles
A: sickness immunity, fire resistance 2, cold vulnerability 1, float, innate
caster, HP casting, extra vitality 1
a: no special abilities


You were on level 7 of the Dungeon.
You visited 1 branch of the dungeon, and saw 7 of its levels.
You also visited: Sewer.

You collected 218 gold pieces.

Inventory:

Hand Weapons
 c - a +0 spear
 j - a +0 dagger
 q - a +0 scimitar (weapon)
Missiles
 y - 2 poisoned darts
Armour
 a - a +0 robe
 b - a +0 leather armour (worn)
 p - a scarf of repulsion (worn)
 w - a +0 helmet (worn)
Wands
 s - a wand of roots (13)
 t - a wand of quicksilver (11)
 v - a wand of polymorph (1)
Scrolls
 d - a scroll of magic mapping {unknown}
 e - 3 scrolls of poison {unknown}
 f - a scroll of vulnerability {unknown}
 g - 2 scrolls of identify {unknown}
 h - 2 scrolls of noise {unknown}
 n - 2 scrolls of fog {unknown}
 u - 2 scrolls of silence
Potions
 i - 2 potions of brilliance {unknown}
 k - a potion of cancellation {unknown}
 l - 3 potions of might {unknown}
 m - 2 potions of heal wounds
 o - 7 potions of curing {unknown}
 r - a potion of magic {unknown}
 x - 2 potions of berserk rage


   Skills:
 * Level 4.7 Fighting
 + Level 4.4 Dodging
 - Level 1.6 Stealth
 * Level 4.5 Spellcasting


You couldn't memorise any spells.
You knew the following spells:

 Your Spells              Type           Power      Damage    Failure   Level
a - Foxfire               Conj/Fire      80%        2x1d8     3%          1
b - Scorch                Fire           40%        2d7       4%          2
c - Conjure Flame         Conj/Fire      20%        6-21      10%         3
d - Inner Flame           Hex/Fire       20%        N/A       10%         3
e - Flame Wave            Conj/Fire      20%        2d7       32%         4
f - Slow                  Hex            80%        N/A       3%          1
g - Ensorcelled Hibernat  Hex/Ice        40%        N/A       4%          2
h - Summon Guardian Gole  Hex/Summ       20%        N/A       10%         3
Your spell library was empty.

Dungeon Overview and Level Annotations

Branches:
Dungeon (8/15)              Sewer (visited)
 Temple: D:4-7         Lair: D:8-11

Altars:

Annotations:
D:4 exclusions: upstairs and 1 more exclusion


Innate Abilities, Weirdness & Mutations

You are immune to sickness and miasma.
You are immune to poison.
Your flesh is very heat resistant. (rF++)
You are vulnerable to cold. (rC-)
You float through the air rather than walking.
You learn spells naturally, not from books.
Your magical power is your life essence.
You have superior vitality. (+4 MHP)


Message History

The foxfire hits the orc.
The orc is moderately wounded.
The foxfire hits the orc but does no damage.
The orc is moderately wounded.
Casting: Foxfire (safe; 3% risk of failure)
Confirm with . or Enter, or press ? or * to list all spells.
You conjure some foxfire!
The foxfire hits the orc.
The orc is heavily wounded.
You slash the orc!
You kill the orc!
Your foxfire dissipates!
Things that are here:
a +0 flail; a +0 chain mail
There is an open door here.
Things that are here:
a +0 hand axe; a +0 club; an orc corpse A sourceless malevolence fills the Dungeon...
You are sucked into a shaft and drop 3 floors!
The shaft crumbles and collapses.
Found 16 stones, 3 scrolls labelled KONOETR ENEAXU and a runed mace.
Found an escape hatch in the ceiling and an escape hatch in the floor.
There is an escape hatch in the ceiling here.
A mysterious force pulls you upwards. The hatch slams shut behind you.
The komodo dragon hisses angrily.
Found 39 gold pieces, a blue potion and a bone wand.
As you read the scroll labelled WIRROI TENLAE, it crumbles to dust.
A profound silence engulfs you.
It was a scroll of silence.
The slime creature quivers.
The two-headed ogre attacks as you move away!
The two-headed ogre misses you. x2; The slime creature hits you!
Something hits you.
Deactivating autopickup; reactivate with Ctrl-A.
The komodo dragon bites you! The slime creature hits you!
* * * LOW HITPOINT WARNING * * *
The komodo dragon attacks as you move away!
The komodo dragon bites you!
* * * LOW HITPOINT WARNING * * *
The komodo dragon attacks as you move away!
The komodo dragon bites you!
You die...

##### .... ##
##.## #
♣♣.♣♣♣/.$♣♣ .♣♣
#♣.~.♣.~~~.♣.~.♣
#.~~~@#~~~#.~~~
#♣.~.♣lJ~~.♣
♣♣.♣♣♣!.$♣♣ ##
#####


You could see a slime creature and a komodo dragon.

Vanquished Creatures
  Pargi (Sewer)
  2 ogres (D:5)
  A hound (D:4)
  Ijyb (D:3)
  Terence (D:3)
  Natasha (thrice) (D:3)
  Robin (D:3)
  3 gnolls (D:3)
  8 adders
  A river rat (D:4)
  4 worms
  2 dart slugs
  11 orcs
  6 ball pythons
  10 bats
  2 bat zombies (D:3)
  10 endoplasms
  3 giant cockroaches
  13 goblins
  5 hobgoblins
  4 kobolds
  2 quokkas
  3 frilled lizards
  8 rats
  4 rat zombies (D:3)
109 creatures vanquished.

Vanquished Creatures (collateral kills)
  3 foxfires (D:1)
3 creatures vanquished.

Vanquished Creatures (others)
  45 foxfires
  A plant (D:1)
46 creatures vanquished.

Grand Total: 158 creatures vanquished

Notes
Turn   | Place    | Note
-------+----------+-------------------------------------------
     0 | D:1      | Twinkles the Djinni Fire Elementalist began the quest for
                  | the Orb.
     0 | D:1      | Twinkles set off with the following spells memorised:
                  | Foxfire, Scorch, Conjure Flame, Inner Flame, Flame Wave.
     0 | D:1      | Reached XP level 1. HP: 15/15 MP: 0/0
   321 | D:1      | Reached XP level 2. HP: 20/22 MP: 0/0
   566 | D:1      | Reached skill level 1 in Fighting
   874 | D:1      | Reached XP level 3. HP: 23/27 MP: 0/0
   874 | D:1      | Learned a level 1 spell: Slow
  2044 | D:2      | Reached XP level 4. HP: 19/33 MP: 0/0
  2363 | D:2      | Found a faded altar of an unknown god.
  2722 | D:3      | Noticed Terence
  2732 | D:3      | Killed Terence
  2922 | D:3      | Noticed Natasha
  2933 | D:3      | Killed Natasha
  2934 | D:3      | Reached XP level 5. HP: 23/39 MP: 0/0
  2934 | D:3      | Learned a level 2 spell: Ensorcelled Hibernation
  3103 | D:3      | Noticed Natasha
  3112 | D:3      | Killed Natasha
  3796 | D:3      | Reached XP level 6. HP: 44/46 MP: 0/0
  3839 | D:3      | Noticed Natasha
  3901 | D:3      | Noticed Robin
  3928 | D:3      | Killed Robin
  4085 | D:3      | Noticed Ijyb
  4099 | D:3      | Killed Ijyb
  4395 | D:3      | Killed Natasha
  5233 | D:4      | Found a glowing drain.
  5237 | Sewer    | Entered a sewer
  5370 | Sewer    | Noticed Pargi
  5381 | Sewer    | Killed Pargi
  5382 | Sewer    | Reached XP level 7. HP: 41/52 MP: 0/0
  5382 | Sewer    | Learned a level 3 spell: Summon Guardian Golem
  6096 | D:5      | Entered Level 5 of the Dungeon
  6322 | D:5      | You are sucked into a shaft and drop 3 floors!
  6325 | D:7      | Noticed a komodo dragon
  6325 | D:7      | Noticed a slime creature
  6325 | D:7      | Noticed a two-headed ogre
  6330 | D:7      | Mangled by a komodo dragon

Illustrated notes

Levels and vault maps discovered:
D:1:      dpeg_arrival_rooms_a, layout_basic, serial_forest,
          infiniplex_forest_end_double, infiniplex_forest_end_2,
          infiniplex_forest_lined_2, infiniplex_forest_straight_4,
          infiniplex_forest_lined_room_2, infiniplex_forest_clump_small,
          infiniplex_forest_straight_5, infiniplex_forest_straight_5
D:2:      layout_loops_ring, chequers_ecumenical_altar_island,
          kennysheep_generic_room_6
D:3:      layout_basic, lemuel_zombie_altar_kikubaaqudgha, uniq_robin,
          uniq_terence, uniq_natasha, uniq_ijyb
D:4:      layout_cave_pools, gup_sewer_entry_spiral
D:5:      layout_gridville
D:7:      nzn_winding_woodlands_stair_cross
          [nzn_winding_woodlands_5x15_lazy_stream,
          nzn_winding_woodlands_center_diamonds,
          nzn_winding_woodlands_5x15_river_crossing,
          nzn_winding_woodlands_5x5_open_star,
          nzn_winding_woodlands_5x5_default,
          nzn_winding_woodlands_5x15_longhouse,
          nzn_winding_woodlands_center_triple_pond,
          nzn_winding_woodlands_5x15_zeroes], layout_basic, temple_statues,
          minivault_11, uniq_crazy_yiuf_cottage, uniq_maggie
D:8:      minmay_gate_of_8, layout_basic, nicolae_grassy_gnolls

Skill      XL: |  1  2  3  4  5  6 |
---------------+-------------------+-----
Fighting       | 1 2 3 4 |  4.7
Spellcasting   | 3 4 |  4.5
Dodging        | 3 4 |  4.4
Stealth        | |  1.6

Action                   |  1- 3 |  4- 6 |  7- 9 || total
-------------------------+-------+-------+-------++-------
Melee: Spear             |   107 |    23 |       ||   130
       Punch             |     1 |     1 |       ||     2
       Scimitar          |       |    49 |    11 ||    60
 Cast: Foxfire           |    11 |       |    20 ||    31
       Scorch            |    24 |    69 |     7 ||   100
       Conjure Flame     |       |     1 |       ||     1
       Ensorcelled Hiber |       |       |     1 ||     1
       Summon Guardian G |       |       |     1 ||     1
  Use: Scroll            |       |       |     1 ||     1
 Stab: Sleeping          |     1 |     1 |       ||     2
Armor: Leather armour    |    10 |    29 |     1 ||    40
Dodge: Dodged            |    17 |    54 |     6 ||    77
